 Dungeon Crawl Stone Soup version 0.20-a0-940-g1ecfa5a (webtiles) character file.

1611 FrankyJ the Ruffian (level 8, 0/67 HPs)
             Began as a Troll Earth Elementalist on Mar 29, 2017.
             Was a Follower of Wu Jian.
             Slain by a killer bee (1 damage)
             ... on level 8 of the Dungeon on Mar 30, 2017.
             The game lasted 00:48:59 (9083 turns).

FrankyJ the Ruffian (Troll Earth Elementalist)      Turns: 9083, Time: 00:49:00

Health: 0/67       AC:  6    Str: 17    XL:     8   Next: 63%
Magic:  13/13      EV:  9    Int: 13    God:    Wu Jian [*.....]
Gold:   404        SH:  0    Dex: 10    Spells: 5/15 levels left

rFire    + . .     SeeInvis .     - Unarmed
rCold    . . .     Gourm    +   (no shield)
rNeg     . . .     Faith    .   w - +1 robe {rF+}
rPois    .         Spirit   .   (helmet restricted)
rElec    .         Reflect  .   (no cloak)
rCorr    .         Harm     .   (gloves unavailable)
MR       .....                  (boots unavailable)
Stlth    +.........             (no amulet)
Regen    0.7/turn               (no ring)
MPRegen  0.2/turn               (no ring)

@: lethally poisoned (0 -> -17), very slightly contaminated, hasted, very
heavily drained, very quick
A: unfitting armour, claws 3, fast metabolism 3, gourmand, regeneration 1,
shaggy fur 1, tough skin 2
a: Renounce Religion


You were on level 8 of the Dungeon.
You worshipped Wu Jian.
Wu Jian was aware of your devotion.
You were completely stuffed.

You visited 2 branches of the dungeon, and saw 9 of its levels.

You collected 404 gold pieces.

Inventory:

Hand Weapons
 q - a cursed +1 fustibalus
 y - a +1 morningstar of protection
 H - a cursed -2 dagger
 I - a +2 dagger of venom
Missiles
 b - 84 stones (quivered)
 r - 4 large rocks
 t - 4 tomahawks
 G - 5 javelins
Armour
 c - a +0 robe
 l - a +0 large shield
 w - a +1 robe of fire resistance (worn)
Wands
 v - a wand of digging (14/24)
 x - a wand of iceblast (2/15)
Scrolls
 f - a scroll of enchant weapon
 g - 2 scrolls of remove curse
 h - 2 scrolls of magic mapping {unknown}
 j - 2 scrolls of enchant armour {unknown}
 n - 5 scrolls of identify {unknown}
 p - a scroll of immolation {unknown}
 s - 3 scrolls of amnesia {unknown}
 u - 5 scrolls of teleportation
 F - a scroll of blinking {unknown}
Potions
 k - 2 potions of mutation {unknown}
 z - a potion of ambrosia {unknown}
 A - a potion of heal wounds
 D - a potion of agility {unknown}
 E - a potion of lignification {unknown}
Books
 e - a book of Geomancy

   Spells                             Type                      Level
   a - Sandblast                      Earth                        1
   b - Passwall                       Transmutation/Earth          2
   c - Stone Arrow                    Conjuration/Earth            3
   d - Petrify                        Transmutation/Earth          4
   e - Lee's Rapid Deconstruction     Earth                        5
 m - a book of Misfortune

   Spells                             Type                      Level
   a - Confusing Touch                Hexes                        1
   b - Confuse                        Hexes                        3
   c - Gell's Gravitas                Translocation                3
   d - Petrify                        Transmutation/Earth          4
   e - Metabolic Englaciation         Hexes/Ice                    5
   f - Yara's Violent Unravelling     Hexes/Transmutation          5
Comestibles
 a - 2 meat rations
 d - 6 bread rations
 i - a royal jelly
 B - a chunk of flesh
 C - 6 fruits


   Skills:
 - Level 1.5(0.0) Dodging
 - Level 1.0(0.0) Stealth
 - Level 6.1(2.3) Unarmed Combat
 - Level 4.0(0.4) Spellcasting
 - Level 2.5(0.0) Hexes
 - Level 1.1(0.0) Transmutations
 + Level 5.2(1.5) Earth Magic


You had 5 spell levels left.
You knew the following spells:

 Your Spells              Type           Power        Failure   Level  Hunger
a - Sandblast             Erth           #.....       17%         1    ##.....
b - Confusing Touch       Hex            #.....       30%         1    ##.....
c - Passwall              Tmut/Erth      #.........   38%         2    ###....
d - Confuse               Hex            #.......     86%         3    ####...
e - Stone Arrow           Conj/Erth      #.....       77%         3    ####...


Dungeon Overview and Level Annotations

Branches:
Dungeon (8/15)             Temple (1/1) D:6
   Lair: D:8-11

Altars:
Ashenzari
Cheibriados
Dithmenos
Elyvilon
Fedhas
Hepliaklqana
Kikubaaqudgha
Makhleb
Sif Muna
Trog
Vehumet
Wu Jian
Xom
Yredelemnul
Zin
The Shining One

Annotations:
D:3 Dowan, Duvessa
D:4 Grinder


Innate Abilities, Weirdness & Mutations

You are too large for most types of armour.
You have claws for hands.
Your metabolism is lightning-fast.
You like to eat raw meat.
Your natural rate of healing is unusually fast.
You are covered in fur. (AC +1)
You have very tough skin. (AC +2)


Message History

You closely miss the killer bee.
The killer bee is moderately wounded.
* * * LOW HITPOINT WARNING * * *
You feel sick. The killer bee barely misses you. The killer bee stings you.
* * * LOW HITPOINT WARNING * * *
You miss the killer bee.
The killer bee is moderately wounded.
* * * LOW HITPOINT WARNING * * *
You feel sick. The killer bee stings you.
* * * LOW HITPOINT WARNING * * *
The killer bee closely misses you.
The killer bee stings you but does no damage.
You completely miss the killer bee.
The killer bee is moderately wounded.
* * * LOW HITPOINT WARNING * * *
You feel sick. The killer bee stings you.
* * * LOW HITPOINT WARNING * * *
You are more poisoned.
The killer bee poisons you! The killer bee stings you.
You die...

### #.### #..<#
#.### #.# #.###
#.@y# ###y#
########y#
.......#y#
##.y...#.#.#(##
..y.............
##.......#.#.#.#
######..#.# ...#
.


You could see 4 killer bees.

Vanquished Creatures
  An ogre (D:5)
  A sky beast (Temple)
  A centaur (D:6)
  Blork the orc (D:4)
  A scorpion (D:5)
  A killer bee (D:8)
  A bullfrog zombie (D:7)
  A quasit (D:5)
  The ghost of ForestKing the Magician, a weakling DEIE (D:3)
  A crimson imp (D:6)
  A jelly (D:5)
  5 bullfrog skeletons
  A hound (D:6)
  4 orc priests
  2 iguanas
  10 orc wizards
  4 worker ants
  3 hound skeletons
  7 gnolls
  A howler monkey skeleton (D:6)
  A worker ant zombie (D:5)
  5 adders
  A shadow imp (D:6)
  2 oozes
  2 adder skeletons
  4 worms
  4 dart slugs
  4 leopard geckos
  27 orcs
  2 ball pythons
  6 giant cockroaches
  6 goblins
  7 hobgoblins
  12 jackals
  9 kobolds
  3 quokkas
  7 bats
  7 frilled lizards
  A leopard gecko skeleton (D:4)
  A leopard gecko zombie (D:5)
  A quokka skeleton (D:4)
  A quokka zombie (D:7)
  8 rats
169 creatures vanquished.

Notes
Turn   | Place    | Note
-------+----------+-------------------------------------------
     0 | D:1      | FrankyJ the Troll Earth Elementalist began the quest for the Orb.
     0 | D:1      | Reached XP level 1. HP: 16/16 MP: 1/1
   187 | D:1      | Reached XP level 2. HP: 16/24 MP: 3/3
  1014 | D:2      | Reached XP level 3. HP: 26/31 MP: 5/5
  1725 | D:3      | Found a snail-covered altar of Cheibriados.
  1803 | D:3      | Reached XP level 4. HP: 20/39 MP: 5/7
  2014 | D:3      | Found a shimmering altar of Xom.
  2092 | D:3      | Learned a level 1 spell: Confusing Touch
  2409 | D:3      | Noticed ForestKing's ghost (weakling DEIE)
  2563 | D:3      | Reached skill level 1 in Hexes
  2565 | D:3      | Reached XP level 5. HP: 45/45 MP: 8/8
  2828 | D:3      | Killed ForestKing's ghost
  3073 | D:4      | Noticed Duvessa
  3073 | D:4      | Noticed Dowan
  3158 | D:3      | Learned a level 2 spell: Passwall
  3162 | D:3      | Learned a level 3 spell: Confuse
  3166 | D:3      | Learned a level 3 spell: Stone Arrow
  3885 | D:4      | Reached XP level 6. HP: 42/53 MP: 9/9
  4092 | D:4      | Reached skill level 1 in Unarmed Combat
  4202 | D:4      | Noticed Grinder
  4333 | D:4      | Noticed Blork the orc
  4348 | D:4      | Killed Blork the orc
  4348 | D:4      | Reached skill level 2 in Unarmed Combat
  5207 | D:5      | Entered Level 5 of the Dungeon
  5238 | D:5      | Found a bloodstained altar of Trog.
  5309 | D:5      | Reached skill level 3 in Unarmed Combat
  5388 | D:5      | Found a shadowy altar of Dithmenos.
  5428 | D:5      | Reached skill level 4 in Unarmed Combat
  5428 | D:5      | Reached XP level 7. HP: 42/59 MP: 8/10
  5978 | D:5      | Found a shadowy altar of Dithmenos.
  6069 | D:5      | Found a hazy altar of Hepliaklqana.
  6088 | D:5      | Reached skill level 5 in Unarmed Combat
  6197 | D:6      | Found a glowing golden altar of the Shining One.
  6460 | D:6      | Found a staircase to the Ecumenical Temple.
  6469 | Temple   | Entered the Ecumenical Temple
  6567 | Temple   | Became a worshipper of the Wu Jian Council
  6623 | Temple   | Reached skill level 6 in Unarmed Combat
  6966 | D:6      | Reached XP level 8. HP: 64/67 MP: 10/12
  7034 | D:6      | Noticed a two-headed ogre
  7309 | D:5      | Upgraded the game from 0.20-a0-930-gbddf555 to 0.20-a0-940-g1ecfa5a
  7852 | D:6      | Reached skill level 1 in Transmutations
  8591 | D:7      | Reached * piety under Wu Jian
  8923 | D:7      | Reached skill level 5 in Earth Magic
  9078 | D:8      | HP: 2/67 [killer bee (8)]
  9083 | D:8      | HP: 1/67 [killer bee (6)]
  9083 | D:8      | Slain by a killer bee

Vault maps used:
D:1:      minmay_arrival_checkered_box
D:2:      kennysheep_generic_room_2
D:3:      lemuel_doored_altar, lemuel_crystal_altar, first_bread
D:4:      uniq_duvessa, uniq_blork_the_orc, uniq_grinder
D:5:      old_standard_altar, lemuel_round_altar, kennysheep_little_box,
          nicolae_dithmenos_the_darkroom
D:6:      tso_oasis_becter, minmay_temple_entry_crystal_x
D:7:      serial_shops, shop, nicolae_shop_trees
D:8:      eat_drink_and_be_merry_uskayaw, nemelex_altar_shiori, uniq_psyche,
          uniq_prince_ribbit1, uniq_joseph, uniq_grum
Temple:   oiseaux_autumnal_temple

Skill      XL: |  1  2  3  4  5  6  7  8 |
---------------+-------------------------+-----
Spellcasting   | 2 3 4 |  4.0
Hexes          | 1 2 |  2.5
Unarmed Combat | 4 6 |  6.1
Transmutations | 1 |  1.1
Earth Magic    | 5 |  5.2
Dodging        | |  1.5
Stealth        | |  1.0

Action                   |  1- 3 |  4- 6 |  7- 9 || total
-------------------------+-------+-------+-------++-------
Melee: Unarmed           |   148 |   252 |   286 ||   686
       Punch             |       |       |     5 ||     5
Throw: Stone             |       |       |     1 ||     1
 Cast: Sandblast         |       |    26 |    31 ||    57
       Confusing Touch   |       |     9 |    17 ||    26
       Stone Arrow       |       |       |     2 ||     2
       Confuse           |       |       |     1 ||     1
       Passwall          |       |       |     1 ||     1
Evoke: Wand              |       |     1 |       ||     1
  Use: Potion            |       |     4 |     5 ||     9
       Scroll            |       |     4 |       ||     4
 Stab: Sleeping          |     1 |     2 |     1 ||     4
       Confused          |       |     3 |     5 ||     8
  Eat: Chunk             |    18 |    32 |    36 ||    86
       Bread ration      |       |       |     1 ||     1
Armor: Robe              |    44 |    79 |    94 ||   217
Dodge: Dodged            |    88 |   134 |   127 ||   349
